 Dungeon Crawl Stone Soup version 0.20.1-1-g8b1a95d (webtiles) character file.

2570 Monsterracer the Geomancer (level 9, 0/54 HPs)
             Began as a Gargoyle Earth Elementalist on Aug 18, 2017.
             Was a Priest of Sif Muna.
             Slain by a two-headed ogre
             ... wielding a +0 giant club
              (12 damage)
             ... on level 8 of the Dungeon.
             The game lasted 00:24:10 (10637 turns).

Monsterracer the Geomancer (GrEE)                  Turns: 10637, Time: 00:24:11

Health: 0/54       AC:  9    Str: 11      XL:     9   Next: 57%
Magic:  2/17       EV: 14    Int: 19 (20) God:    Sif Muna [***...]
Gold:   401        SH:  0    Dex: 12      Spells: 8/19 levels left

rFire    . . .     SeeInvis .   h - -2 whip (curse)
rCold    . . .     Gourm    .   (no shield)
rNeg     + . .     Faith    .   c - +1 robe
rPois    ∞         Spirit   .   z - +0 helmet
rElec    +         Reflect  .   (no cloak)
rCorr    .         Harm     .   (no gloves)
MR       .....                  (no boots)
Stlth    +.........             e - amulet of inaccuracy (curse)
Regen    0.2/turn               A - ring of loudness (curse)
MPRegen  0.2/turn               u - +2 ring of evasion

@: very slightly contaminated, divine energy
A: agile 1, deterioration 1, negative energy resistance 1, electricity
resistance, unbreathing, evolution 1, petrification resistance, rot immunity,
MP-powered wands, AC +5
a: Stop Divine Energy, Channel Magic, Renounce Religion


You were on level 8 of the Dungeon.
You worshipped Sif Muna.
Sif Muna was most pleased with you.
You were very hungry.

You visited 1 branch of the dungeon, and saw 8 of its levels.
You also visited: Ossuary.

You collected 401 gold pieces.

Inventory:

Hand Weapons
 h - a cursed -2 whip (weapon)
 n - the +7 Singing Sword
   (You found it on level 5 of the Dungeon)
 D - a +2 flail of protection
Missiles
 b - 109 stones (quivered)
 F - a throwing net
Armour
 c - a +1 robe (worn)
 z - a +0 helmet (worn)
Magical Staves
 o - an uncursed staff of conjuration {unknown}
Jewellery
 e - a cursed amulet of inaccuracy (around neck)
 l - an uncursed ring of flight
 m - an uncursed ring of fire
 u - a +2 ring of evasion (right hand)
 w - a cursed amulet of regeneration {unknown}
 y - the amulet of Due Proportion {Harm *Drain rElec rF- rC++ Str-2, unknown}
   (You found it on level 6 of the Dungeon)

   [amulet of harm]

   It increases damage dealt and taken.
   It affects your strength (-2).
   It makes you vulnerable to fire.
   It greatly protects you from cold.
   It insulates you from electricity.
   It causes draining when unequipped.
 A - a cursed ring of loudness (left hand)
Scrolls
 a - a scroll of magic mapping
 p - 2 scrolls of teleportation
 s - a scroll of amnesia
 t - 2 scrolls of blinking
 v - 2 scrolls of fog
 B - 3 scrolls of identify
Potions
 g - 2 potions of brilliance
 j - a potion of heal wounds
 k - a potion of haste
 q - a potion of cancellation
 r - 3 potions of curing
 x - a potion of ambrosia
Comestibles
 d - 4 bread rations
 f - 3 meat rations
 i - 2 chunks of flesh
 C - 5 fruits


   Skills:
 + Level 5.0 Fighting
 - Level 1.5 Dodging
 - Level 2.1 Stealth
 + Level 5.5 Spellcasting
 + Level 5.3 Conjurations
 - Level 0.7 Transmutations
 * Level 10.7 Earth Magic
 + Level 2.8 Invocations


You had 8 spell levels left.
You knew the following spells:

 Your Spells              Type           Power        Failure   Level  Hunger
a - Sandblast             Erth           #####.       1%          1    None
c - Stone Arrow           Conj/Erth      #####.       1%          3    ##.....
d - Lee's Rapid Deconstr  Erth           #####.....   4%          5    #####..
e - Passwall              Tmut/Erth      ####......   1%          2    None


Dungeon Overview and Level Annotations

Branches:
Dungeon (8/15)             Temple (0/1) D:4
   Lair: D:8-11

Altars:
Ashenzari
Elyvilon
Gozag
Kikubaaqudgha
Qazlal
Sif Muna
Trog
Uskayaw
Xom

Shops:
D:7 *


Innate Abilities, Weirdness & Mutations

You are resistant to torment.
Your stone body is resilient. (AC +5)
You are immune to poison.
You resist negative energy. (rN+)
You are resistant to electric shocks. (rElec)
You can survive without breathing.
You are immune to petrification.
You are immune to rotting.
You are agile. (Dex +2)
Your body sometimes deteriorates upon taking damage.
You evolve.
You expend magic power (3 MP) to strengthen your wands.


Message History

You are very lightly contaminated with residual magic.
You feel gritty.
You are feeling very hungry.
Casting: Lee's Rapid Deconstruction
Confirm with . or Enter, or press ? or * to list all spells.
Aiming: Lee's Rapid Deconstruction
Press: ? - help, Dir - move target cursor That beam is likely to hit you.
Continue anyway?
The wall shatters!
The blast of rock fragments hits the two-headed ogre.
The two-headed ogre is heavily wounded.
The blast of rock fragments hits you!
Ouch! That really hurt!
* * * LOW HITPOINT WARNING * * *
* * * LOW MAGIC WARNING * * *
You hear a shout!
The two-headed ogre hits you with a giant club.
* * * LOW HITPOINT WARNING * * *
The two-headed ogre hits you with a giant club!
You die...

#..# ..
#..##.
####..#...
#.@.......
#.O##..#...
##.##..#
#.##..##
#...<..#
####...#
....#
####.# <#


You could see a two-headed ogre.

Vanquished Creatures
  An ice beast (D:7)
  3 sky beasts
  A phantom (D:7)
  A big kobold (D:7)
  Blork the orc (D:5)
  12 scorpions
  4 wights (D:6)
  4 howler monkeys
  3 centaur zombies (Ossuary)
  2 crimson imps
  A human zombie (Ossuary)
  A bullfrog skeleton (D:5)
  3 hounds
  4 jellies
  An orc priest (D:6)
  An iguana (D:6)
  4 worker ants
  Terence (D:2)
  2 big kobold zombies (Ossuary)
  4 mummies
  4 gnolls
  14 adders
  5 scorpion zombies (Ossuary)
  2 shadow imps
  3 oozes
  An adder skeleton (D:5)
  2 adder zombies
  2 worms (D:2)
  A dart slug (D:1)
  4 leopard geckos
  25 orcs
  4 ball pythons
  6 giant cockroaches
  7 goblins
  2 hobgoblins
  17 bats
  9 frilled lizards
  A giant cockroach zombie (D:5)
  A gnoll zombie (Ossuary)
  A goblin zombie (Ossuary)
  3 hobgoblin zombies (Ossuary)
  A jackal zombie (D:7)
  10 kobolds
  A kobold zombie (D:5)
  2 leopard gecko zombies
  An orc zombie (D:5)
  10 rats
  A fungus (D:5)
194 creatures vanquished.

Vanquished Creatures (others)
  The ghost of Monsterracer the Conjurer, an amateur DrWz of Hepliaklqana (D:4)
  A goblin zombie (Ossuary)
  A kobold zombie (Ossuary)
3 creatures vanquished.

Grand Total: 197 creatures vanquished

Notes
Turn   | Place    | Note
-------+----------+-------------------------------------------
     0 | D:1      | Monsterracer the Gargoyle Earth Elementalist began the quest for the Orb.
     0 | D:1      | Reached XP level 1. HP: 10/10 MP: 3/3
   222 | D:1      | Reached skill level 4 in Earth Magic
   270 | D:1      | Reached XP level 2. HP: 9/15 MP: 3/5
   888 | D:2      | Reached XP level 3. HP: 12/19 MP: 0/6
   896 | D:1      | Learned a level 3 spell: Stone Arrow
   899 | D:1      | Learned a level 2 spell: Passwall
  1040 | D:2      | Found a hide-covered altar of Uskayaw.
  1426 | D:2      | Noticed Terence
  1432 | D:2      | HP: 8/19 [Terence/short sword of venom (7)]
  1458 | D:2      | Killed Terence
  1458 | D:2      | Reached skill level 5 in Earth Magic
  1458 | D:2      | Reached XP level 4. HP: 12/24 MP: 0/8
  1631 | D:2      | Found a deep blue altar of Sif Muna.
  1655 | D:2      | Became a worshipper of Sif Muna the Loreminder
  2118 | D:2      | Found a shimmering altar of Xom.
  2326 | D:2      | HP: 12/24 [kobold/short sword (4)]
  2639 | D:3      | Found a stormy altar of Qazlal.
  2639 | D:3      | Found a shattered altar of Ashenzari.
  2644 | D:3      | Found a white marble altar of Elyvilon.
  2665 | D:3      | Reached XP level 5. HP: 26/28 MP: 9/9
  2666 | D:3      | Found a shimmering altar of Xom.
  2667 | D:3      | Found a bloodstained altar of Trog.
  2969 | D:3      | Reached skill level 6 in Earth Magic
  3272 | D:3      | HP: 11/28 [worker ant (5)]
  3277 | D:3      | HP: 6/28 [worker ant (5)]
  3285 | D:3      | HP: 3/28 [worker ant (4)]
  3927 | D:4      | Killed Monsterracer's ghost
  4316 | D:4      | HP: 14/28 [worker ant (5)]
  4322 | D:4      | HP: 12/28 [worker ant (3)]
  4323 | D:4      | Reached * piety under Sif Muna
  4323 | D:4      | Reached skill level 1 in Conjurations
  4323 | D:4      | Reached XP level 6. HP: 14/33 MP: 0/11
  4330 | D:4      | Learned a level 5 spell: Lee's Rapid Deconstruction
  4828 | D:4      | Found a staircase to the Ecumenical Temple.
  4873 | D:5      | Entered Level 5 of the Dungeon
  4897 | D:5      | Found an ancient bone altar of Kikubaaqudgha.
  4920 | D:5      | Reached skill level 1 in Fighting
  5034 | D:5      | Noticed Blork the orc
  5040 | D:5      | Killed Blork the orc
  5073 | D:5      | Reached skill level 7 in Earth Magic
  5138 | D:5      | Reached XP level 7. HP: 25/40 MP: 1/12
  5138 | D:5      | HP: 20/40 [scorpion (5)]
  5553 | D:5      | Found a sand-covered staircase.
  5560 | Ossuary  | Entered an ossuary
  6021 | Ossuary  | Reached skill level 8 in Earth Magic
  6370 | Ossuary  | Reached XP level 8. HP: 45/45 MP: 7/14
  6625 | Ossuary  | Reached ** piety under Sif Muna
  7235 | D:5      | Reached skill level 9 in Earth Magic
  7838 | D:6      | Got a transparent tin amulet
  8590 | D:6      | Reached skill level 1 in Invocations
  8735 | D:6      | Reached skill level 5 in Spellcasting
  8944 | D:6      | Reached XP level 9. HP: 52/52 MP: 7/16
  8971 | D:6      | Reached skill level 10 in Earth Magic
  9121 | D:6      | Reached *** piety under Sif Muna
  9185 | D:7      | Found an opulent altar of Gozag.
  9194 | D:7      | Found Gozag's Platinum Reserve.
  9669 | D:7      | Reached skill level 5 in Conjurations
  9790 | D:7      | Gained mutation: You are agile. (Dex +2) [mutagenic meat]
  9791 | D:7      | Gained mutation: Your body sometimes deteriorates upon taking damage. [mutagenic meat]
  9794 | D:7      | Gained mutation: You expend magic power (3 MP) to strengthen your wands. [mutagenic meat]
  9795 | D:7      | Gained mutation: You evolve. [mutagenic meat]
 10368 | D:7      | Reached skill level 5 in Fighting
 10628 | D:8      | Noticed a two-headed ogre
 10637 | D:8      | HP: 18/54 [blast of rock fragments (28)]
 10637 | D:8      | Slain by a two-headed ogre

Skill      XL: |  1  2  3  4  5  6  7  8  9 |
---------------+----------------------------+-----
Earth Magic    | 4 5 6 7 8 9 10 | 10.7
Spellcasting   | 3 4 5 |  5.5
Conjurations   | 1 2 3 4 5 |  5.3
Fighting       | 2 4 5 |  5.0
Invocations    | 1 2 |  2.8
Dodging        | |  1.5
Stealth        | |  2.1
Transmutations | |  0.7

Action                   |  1- 3 |  4- 6 |  7- 9 || total
-------------------------+-------+-------+-------++-------
Melee: Club              |    30 |       |       ||    30
       Whip              |    70 |   280 |   367 ||   717
 Cast: Sandblast         |    15 |    29 |    61 ||   105
       Stone Arrow       |     1 |    26 |   122 ||   149
       Lee's Rapid Decon |       |       |    14 ||    14
Invok: Divine Energy     |       |       |     1 ||     1
  Use: Scroll            |     5 |     7 |     6 ||    18
 Stab: Sleeping          |     4 |     3 |     2 ||     9
  Eat: Chunk             |     2 |    13 |    24 ||    39
       Fruit             |       |     3 |     7 ||    10
       Bread ration      |       |       |     1 ||     1
Armor: Robe              |    53 |   113 |   184 ||   350
Dodge: Dodged            |    84 |   214 |   345 ||   643
